 Dungeon Sprint DCSS version 0.31-a0-876-gfe8ebadbca (webtiles) character file.

Game seed: 3050366925021467385

350 rocky1 the Nimble (level 6, -17/49 HPs)
             Began as a Djinni Gladiator on Oct 14, 2023.
             Was an Initiate of Gozag.
             Demolished by a polar bear (27 damage)
             ... in the Dungeon (Sprint II: "The Violet Keep of Menkaure").
             The game lasted 00:01:09 (274 turns).

rocky1 the Nimble (Djinni Gladiator)                 Turns: 274, Time: 00:01:10

Health: -17/49     AC:  4    Str: 15    XL:     6   Next: 92%
Gold:   279        EV: 22    Int: 10    God:    Gozag SH:  0 Dex: 19

rFire   + + .        a - +0 long sword
rCold   x . .        (no shield)
rNeg    . . .        b - +0 leather armour
rPois   ∞            c - +0 helmet
rElec   .            (no cloak)
rCorr   .            (no gloves)
SInv    .            (boots unavailable)
Will    .....        (no amulet)
Stlth   ++           g - ring "Elosaroc" {EV+5 Str+2 Dex+3 Stlth+}
HPRegen 0.28/turn    (no ring)
MPRegen 0.00/turn

%: no teleportation, infuse magic (-18 HP)
@: flying
A: sickness immunity, fire resistance 2, cold vulnerability 1, float, innate
caster, HP casting, extra vitality 1
a: Renounce Religion, Potion Petition, Call Merchant, Bribe Branch


You were in the Dungeon.
You worshipped Gozag.
Gozag was aware of your devotion.
You visited 1 branch You collected 279 gold pieces.

Inventory:

Hand Weapons
 a - a +0 long sword (weapon)
Missiles
 d - 3 throwing nets (quivered)
 e - a javelin
Armour
 b - a +0 leather armour (worn)
 c - a +0 helmet (worn)
Jewellery
 g - the ring "Elosaroc" (left hand) {EV+5 Str+2 Dex+3 Stlth+}
   (You found it in the Dungeon)

   [ring of evasion]

   EV+5:      It affects your evasion (+5).
   Str+2:     It affects your strength (+2).
   Dex+3:     It affects your dexterity (+3).
   Stlth+:    It makes you more stealthy.
Scrolls
 j - a scroll of blinking
Potions
 h - a potion of haste


   Skills:
 + Level 5.3 Fighting
 + Level 8.6 Long Blades
 + Level 3.6 Throwing
 + Level 2.5 Armour
 + Level 8.8 Dodging


You knew the following spells:

 Your Spells              Type           Power      Damage    Failure   Level
a - Sandblast             Erth           0%         2d4       43%         1
b - Jinxbite              Hex            0%         N/A       56%         2
Your spell library was empty.

Dungeon Overview and Level Annotations

Branches:
Dungeon (1/1)

Altars:
Cheibriados
Dithmenos
Elyvilon
Fedhas
Gozag
Hepliaklqana
Makhleb
Nemelex Xobeh
Okawaru
Qazlal
Ru
Trog
Uskayaw
Wu Jian
Xom
Yredelemnul
Zin
The Shining One
Jiyva
Lugonu

Annotations:
D exclusion: ice statue


Innate Abilities, Weirdness & Mutations

You are immune to sickness and miasma.
You are immune to poison.
Your flesh is very heat resistant. (rF++)
You are vulnerable to cold. (rC-)
You float through the air rather than walking.
You learn spells naturally, not from books.
Your magical power is your life essence.
You have superior vitality. (+4 MHP)


Message History

You hit the polar bear but do no damage.
The polar bear is heavily wounded.
You hit the polar bear but do no damage.
The polar bear is heavily wounded.
The polar bear bites you. The polar bear completely misses you.
The polar bear claws you but does no damage.
You barely miss the polar bear.
The polar bear is heavily wounded.
The polar bear bites you. The polar bear completely misses you.
The polar bear claws you but does no damage.
You hit the polar bear.
The polar bear is heavily wounded.
The polar bear bites you!
* * * LOW HITPOINT WARNING * * *
The polar bear misses you. x2
You slash the polar bear!
The polar bear is severely wounded.
The polar bear bites you.
* * * LOW HITPOINT WARNING * * *
The polar bear misses you. The polar bear barely misses you.
You hit the polar bear.
The polar bear is severely wounded.
The polar bear goes berserk!
You feel better. The polar bear completely misses you.
The polar bear closely misses you. The polar bear completely misses you.
The polar bear closely misses you. The polar bear completely misses you.
The polar bear claws you.
* * * LOW HITPOINT WARNING * * *
You hit the polar bear.
The polar bear is severely wounded.
The polar bear completely misses you. The polar bear barely misses you.
The polar bear claws you but does no damage.
You slash the polar bear!
The polar bear is almost dead.
The polar bear barely misses you. The polar bear claws you.
* * * LOW HITPOINT WARNING * * *
The polar bear misses you. The polar bear bites you!!
Ouch! That really hurt!
You die...
Your body crumbles into a pile of gold.

.#### .### ...# ...#
###..## #^.# #+###.##..#
+.^# # !) ##.##...#..#
#..# .# )$$
+.<.†##.'..### ..##.#▓$)$
##.##...#....###...##▓▓▓▓
#+###.##......~~~~~~~~~~
###@h.....~#'#######
#~~~~~~~..§#....._..
#~~~§§§~§§~#...._._.
#~~~≈≈§§§§~§#..._._._
~~~~~§§≈§§~~§#.._._._.
#+++#~≈§§§§≈≈~#._._._._ .
##§≈§###≈≈#_._._._.
##§§#.#≈§#._._._._
+≈≈#'#§≈#_._._...


You could see a polar bear (berserk).

Vanquished Creatures
  A water moccasin (D)
  4 necrophages (D)
5 creatures vanquished.

Notes
Turn   | Place    | Note
-------+----------+-------------------------------------------
     0 | D        | rocky1 the Djinni Gladiator began the quest for the Orb.
     0 | D        | Reached XP level 1. HP: 18/18 MP: 0/0
     1 | D        | Noticed a necrophage
     1 | D        | Noticed a necrophage
     1 | D        | Noticed a necrophage
     1 | D        | Noticed a necrophage
     8 | D        | Killed a necrophage
     9 | D        | Reached skill level 5 in Long Blades
     9 | D        | Reached skill level 5 in Dodging
     9 | D        | Reached XP level 2. HP: 25/25 MP: 0/0
     9 | D        | Reached XP level 3. HP: 30/30 MP: 0/0
     9 | D        | Learned a level 1 spell: Sandblast
     9 | D        | Reached XP level 4. HP: 35/35 MP: 0/0
    10 | D        | Killed a necrophage
    11 | D        | Reached XP level 5. HP: 40/40 MP: 0/0
    11 | D        | Learned a level 2 spell: Jinxbite
    41 | D        | Reached skill level 1 in Armour
    41 | D        | Reached XP level 6. HP: 37/48 MP: 0/0
    87 | D        | Found a blossoming altar of Fedhas.
    87 | D        | Found an opulent altar of Gozag.
    88 | D        | Found a white marble altar of Elyvilon.
    88 | D        | Found a burning altar of Makhleb.
    89 | D        | Found a shadowy altar of Dithmenos.
    89 | D        | Found a corrupted altar of Lugonu.
    90 | D        | Found a snail-covered altar of Cheibriados.
    90 | D        | Found a bloodstained altar of Trog.
    91 | D        | Found a viscous altar of Jiyva.
    92 | D        | Found a hazy altar of Hepliaklqana.
    92 | D        | Found a sacrificial altar of Ru.
    93 | D        | Found a shimmering altar of Xom.
    94 | D        | Found a stormy altar of Qazlal.
    94 | D        | Found an ornate altar of the Wu Jian Council.
    94 | D        | Found a sparkling altar of Nemelex Xobeh.
    94 | D        | Found a hide-covered altar of Uskayaw.
    94 | D        | Found a basalt altar of Yredelemnul.
    94 | D        | Found a glowing golden altar of the Shining One.
    94 | D        | Noticed a water moccasin
    95 | D        | Found an iron altar of Okawaru.
    95 | D        | Found a glowing silver altar of Zin.
   100 | D        | Noticed an ice statue
   101 | D        | Became a worshipper of Gozag Ym Sagoz the Greedy
   113 | D        | Killed a water moccasin
   114 | D        | Reached skill level 5 in Fighting
   123 | D        | Noticed a polar bear
   137 | D        | Identified the ring "Elosaroc" {EV+5 Str+2 Dex+3 Stlth+}
   274 | D        | Demolished by a polar bear

Illustrated notes

Levels and vault maps discovered:
D:        the_violet_keep_of_menkaure [sprint2_stairs_cluster_1,
          sprint2_shoproom, sprint2_temple, sprint2_basic_supplies,
          sprint2_obstacle_3, sprint2_obstacle_2, sprint2_obstacle_4,
          sprint2_obstacle_1, sprint2_obstacle_5, sprint2_timed_cluster_1,
          sprint2_smallroom_cluster_1, sprint2_smallroom_final_cluster_1,
          sprint2_transparent_cluster_1, sprint2_second_timed_cluster_1,
          sprint2_sniper_area_1, sprint2_heavy_combat_area_1,
          sprint2_mutation_trap_area_1, sprint2_forest_area_1,
          sprint2_light_combat_area_1, sprint2_behind_water_1,
          sprint2_near_end_vault_1]

Skill      XL: |  1  2  3  4  5  6 |
---------------+-------------------+-----
Fighting       | 3 4 5 |  5.3
Long Blades    | 5 6 7 8 |  8.6
Throwing       | 2 3 |  3.6
Dodging        | 5 6 8 |  8.8
Armour         | 1 2 |  2.5

Action                     |  1- 3 |  4- 6 || total
---------------------------+-------+-------++-------
  Melee: Long sword        |     6 |    54 ||    60
         Punch             |       |     1 ||     1
    Use: Potion            |     1 |     2 ||     3
 Armour: Leather armour    |       |    48 ||    48
  Dodge: Dodged            |     4 |    56 ||    60

Table legend: (Time is in decaauts)
 A = Elapsed time spent in this place.
 B = Non-inter-level travel time spent in this place.
 C = Inter-level travel time spent in this place.
 D = Time resting spent in this place.
 E = Time spent auto-exploring this place.
 F = Levels seen in this place.
 G = Mean time per level.
                   A        B        C        D        E       F      G
               +--------+--------+--------+--------+--------+-----+--------+
         Total |    284 |    284 |      0 |    131 |      0 |   1 |  284.0 |
       Dungeon |    284 |    284 |      0 |    131 |      0 |   1 |  284.0 |
               +--------+--------+--------+--------+--------+-----+--------+

Top non-repeatable levels by time:
       D: 284 daAuts
